AoeStats
← Asur

Lombardia

509335106Analyzed
4v4 RM · 7d ago on Sep 26, 2026· 16m 38s· 8 players
Game mode
Random Map
Map size
Large (8 player)
Population
200
Speed
Normal
Resources
Standard
Victory
Conquest
Starting age
Dark Age
Ending age
Imperial Age
RankedLock teamsTeams togetherTeam positionsShared explorationLock speedFull tech treeHidden civsTurbo modeCheats
Victory
Defeat
🇫🇮 Bengalis · Finland
1426
+13
🇩🇪 Turks · Germany
1406
+14
🇰🇬 Hindustanis · Kyrgyzstan
1376
+16
🇮🇹 Mongols · Italy
1376
+15
🇫🇷 Tatars · France
1441
-17
🇭🇰 Khmer · Hong Kong SAR China
1379
-15
🇨🇳 Danes · China
1366
-15
🇬🇧 Armenians · United Kingdom
1279
-11
Asur
8:40 Feudal Age
10:00 Loom
14:01 Fletching
7777777
11:08 Feudal Age
15:10 Castle Age
13:38 Horse Collar
14:32 Double-Bit Axe
16:31 Bow Saw
Jac
0:27 Loom
10:01 Feudal Age
12:49 Forging
13:48 Scale Barding Armor
French Connection
10:19 Feudal Age
15:03 Castle Age
14:07 Double-Bit Axe
14:42 Stone Mining
14:56 Gold Mining
16:59 Wheelbarrow
NSK.Kalupso
10:29 Feudal Age
11:56 Loom
15:12 Castle Age
13:47 Double-Bit Axe
codobaggins
7:33 Loom
9:43 Feudal Age
10:23 Double-Bit Axe
13:20 Fletching
15:01 Wheelbarrow
14:36 Horse Collar
虫
11:24 Feudal Age
14:55 Castle Age
13:23 Double-Bit Axe
13:26 Horse Collar
16:00 Bow Saw
15:53 Heavy Plow
'Pyc_Hawk' = cryer
11:07 Feudal Age
11:50 Double-Bit Axe
12:11 Horse Collar
14:55 Castle Age
15:55 Bow Saw
16:29 Wheelbarrow
Connection lost

Rejoining the realm…

Still unreachable

The connection could not be restored.

Session expired

The server has moved on; the page needs a fresh start.